 Dungeon Crawl Stone Soup version 0.31-a0-702-gf82c85558f (webtiles) character file.

Game seed: 12078166984502988389

147 qw the Shooter (level 5, -6/32 HPs)
             Began as a Gargoyle Hunter on Sept 8, 2023.
             Mangled by a gnoll sergeant
             ... wielding a +2 trident of protection
              (13 damage)
             ... on level 3 of the Dungeon.
             The game lasted 00:00:54 (2541 turns).

qw the Shooter (Gargoyle Hunter)                    Turns: 2541, Time: 00:00:54

Health: -6/32      AC: 11    Str: 15    XL:     5   Next: 29%
Magic:  5/5        EV: 11    Int:  9    God:
Gold:   199        SH:  0    Dex: 15    Spells: 4/4 levels left

rFire   . . .        Y - +0 shortbow
rCold   . . .        (shield currently unavailable)
rNeg    + . .        i - +0 ring mail
rPois   inf          (no helmet)
rElec   +            (no cloak)
rCorr   .            f - +0 pair of gloves
SInv    .            k - +0 pair of boots
Will    .....        (no amulet)
Stlth   +            (no ring)
HPRegen 0.25/turn    (no ring)
MPRegen 0.09/turn

%: no passive effects
@: about to teleport
A: sickness immunity, AC +4, negative energy resistance 1, electricity
resistance, torment resistance 1, petrification resistance
a: no special abilities


You were on level 3 of the Dungeon.
You visited 1 branch of the dungeon, and saw 3 of its levels.

You collected 199 gold pieces.


Innate Abilities, Weirdness & Mutations

You are immune to sickness and miasma.
Your stone body is resilient. (AC +4)
You are immune to poison.
You resist negative energy. (rN+)
You are resistant to electric shocks. (rElec)
You are resistant to unholy torment.
You are immune to petrification.


   Skills:
 + Level 3.0 Fighting
 - Level 6.0 Ranged Weapons
 - Level 1.0 Armour
 - Level 1.5 Dodging
 - Level 1.1 Stealth


You had 4 spell levels left.
You didn't know any spells.
Your spell library was empty.

Inventory:

Hand Weapons
 Y - a +0 shortbow (weapon)
Armour
 f - a +0 pair of gloves (worn)
 i - a +0 ring mail (worn)
 k - a +0 pair of boots (worn)
Scrolls
 h - 2 scrolls of identify
Potions
 e - a potion of magic {unknown}
 g - a potion of attraction {unknown}
 j - a potion of enlightenment
 n - a potion of heal wounds {unknown}

Dungeon Overview and Level Annotations

Branches:
Dungeon (3/15)

Altars:


Message History

A gnoll comes into view. It is wielding a +0 club.
The gnoll hits you but does no damage. The gnoll hits you with a +0 club.
You shoot an arrow. The arrow hits the gnoll.
You kill the gnoll!
A gnoll sergeant comes into view.
It is wielding a +2 trident of protection.
You shoot an arrow. The arrow hits the gnoll.
The gnoll is moderately wounded.
A gnoll comes into view. It is wielding a +0 whip.
The gnoll hits you with a +0 club.
You shoot an arrow. The arrow hits the gnoll.
The gnoll is almost dead.
The gnoll sergeant hits you from afar with a +2 trident of protection.
You shoot an arrow. The arrow barely misses the gnoll.
The gnoll sergeant hits you but does no damage.
The gnoll closely misses you.
You shoot an arrow. The arrow hits the gnoll.
You kill the gnoll!
The gnoll sergeant barely misses you.
A gnoll comes into view. It is wielding a +0 club.
The gnoll sergeant hits you from afar with a +2 trident of protection.
Your Ranged Weapons skill increases to level 6!
You shoot an arrow.
The arrow hits the gnoll sergeant but does no damage.
The gnoll sergeant barely misses you.
You shoot an arrow.
The arrow closely misses the gnoll sergeant.
The arrow barely misses the gnoll.
The gnoll sergeant hits you from afar with a +2 trident of protection.
You shoot an arrow. The arrow hits the gnoll sergeant.
The gnoll sergeant is lightly wounded.
The gnoll sergeant misses you.
You shoot an arrow.
The arrow hits the gnoll sergeant but does no damage.
The gnoll sergeant is lightly wounded.
The gnoll sergeant hits you from afar with a +2 trident of protection!
2541 ||| READING scroll of teleportation.
As you read the scroll of teleportation, it crumbles to dust.
You feel strangely unstable.
The gnoll sergeant hits you from afar with a +2 trident of protection!
You die...

#........##
#.######.#
#.....##:#
#.....%.#
#.##.####
#....#
#..#.#
####.#
#@)..#
#)##.#
#g####


#gg ### You could see a gnoll sergeant and 2 gnolls.

Vanquished Creatures
  A hound (D:3)
  5 gnolls
  A worm (D:2)
  A dart slug (D:1)
  8 orcs (D:3)
  A bat (D:3)
  7 endoplasms
  4 giant cockroaches
  A goblin (D:1)
  6 hobgoblins
  3 kobolds
  2 quokkas
  5 ball pythons
  2 frilled lizards (D:1)
  7 rats
54 creatures vanquished.

Notes
Turn   | Place    | Note
-------+----------+-------------------------------------------
     0 | D:1      | qw the Gargoyle Hunter began the quest for the Orb.
     0 | D:1      | Reached XP level 1. HP: 12/12 MP: 1/1
     0 | D:1      | 0 ||| qw: Version: 0.3-a-76-g4403597
     0 | D:1      | 0 ||| qw: Game counter: 1030
     0 | D:1      | 0 ||| qw: Melee chars always use a shield: true
     0 | D:1      | 0 ||| qw: God list: Okawaru
     0 | D:1      | 0 ||| qw: Allow faded altars: false
     0 | D:1      | 0 ||| qw: Do Orc after clearing Dungeon:15 true
     0 | D:1      | 0 ||| qw: Do second Lair branch before Depths: true
     0 | D:1      | 0 ||| qw: Lair rune preference: random
     0 | D:1      | 0 ||| qw: Goals: Normal
     0 | D:1      | 0 ||| PLANNING D:1-11
    57 | D:1      | 57 ||| DROPPING scroll of butterflies.
    63 | D:1      | Reached XP level 2. HP: 17/17 MP: 2/2
   110 | D:1      | Found a faded altar of an unknown god.
   820 | D:1      | Reached XP level 3. HP: 21/21 MP: 3/3
   983 | D:1      | 983 ||| UPGRADING to +0 ring mail.
   993 | D:1      | 993 ||| DROPPING +0 leather armour.
   994 | D:1      | 994 ||| DROPPING amulet of magic regeneration.
   995 | D:1      | 995 ||| READING scroll labelled SATIOV JIMOOTU.
   996 | D:1      | 996 ||| READING scroll labelled JEDUJO JEQIOHO.
  1000 | D:1      | 1000 ||| READING scroll labelled KENUWK EZAW.
  1001 | D:1      | 1001 ||| READING 2 scrolls labelled YMONOG SOATELA.
  1002 | D:1      | 1002 ||| DRINKING 2 bubbling grey potions.
  1027 | D:2      | 1027 ||| STAIRDANCE
  1032 | D:1      | Reached skill level 1 in Armour
  1034 | D:2      | 1034 ||| STAIRDANCE
  1042 | D:1      | Reached skill level 5 in Ranged Weapons
  1086 | D:2      | 1086 ||| STAIRDANCE
  1135 | D:2      | Reached XP level 4. HP: 27/27 MP: 4/4
  1657 | D:2      | Reached skill level 3 in Fighting
  1984 | D:2      | You fall into a shaft and drop 1 floor!
  2271 | D:3      | 2271 ||| UPGRADING to +0 pair of gloves.
  2276 | D:3      | 2276 ||| UPGRADING to +0 pair of boots.
  2281 | D:3      | 2281 ||| READING scroll labelled FAURAMU ODUZXO.
  2282 | D:3      | 2282 ||| READING scroll labelled URIEMU JECE.
  2283 | D:3      | 2283 ||| READING scroll labelled IFITZE QOZED.
  2304 | D:3      | 2304 ||| DRINKING 2 inky potions.
  2305 | D:3      | 2305 ||| READING 2 scrolls of identify.
  2305 | D:3      | 2305 ||| IDENTIFYING fizzy orange potion
  2306 | D:3      | 2306 ||| DROPPING potion of lignification.
  2307 | D:3      | 2307 ||| DROPPING potion of brilliance.
  2473 | D:3      | Reached XP level 5. HP: 32/32 MP: 5/5
  2537 | D:3      | Reached skill level 6 in Ranged Weapons
  2540 | D:3      | HP: 7/32 [gnoll sergeant/+2 trident of protection (8)]
  2541 | D:3      | 2541 ||| READING scroll of teleportation.
  2541 | D:3      | Mangled by a gnoll sergeant

Levels and vault maps discovered:
D:1:      shiori_arrival_oz, layout_basic, hellmonk_ecumenical_altar_lost_god,
          supply_closet_lemuel, minivault_27, minmay_surrounded
D:2:      layout_basic
D:3:      layout_basic, serial_shops, nicolae_shop_window_shopping

Skill      XL: |  1  2  3  4  5 |
---------------+----------------+-----
Armour         | 1 |  1.0
Ranged Weapons | 5 6 |  6.0
Fighting       | 3 |  3.0
Dodging        | |  1.5
Stealth        | |  1.1

Action                     |  1- 3 |  4- 6 || total
---------------------------+-------+-------++-------
   Fire: Shortbow          |    83 |   126 ||   209
    Use: Scroll            |     4 |     5 ||     9
         Potion            |     1 |     1 ||     2
 Armour: Leather armour    |    19 |       ||    19
         Ring mail         |     7 |    48 ||    55
  Dodge: Dodged            |    25 |    39 ||    64

Table legend:
 A = Non-vault XP
 B = Vault XP
 C = Vault XP percentage of total XP
 D = Non-vault monster count
 E = Vault monster count
 F = Vault count percentage of total count
                 A         B        C        D         E       F
            +---------+---------+-------+---------+---------+-------
      Total |     195 |      15 |   7.1 |      46 |       8 |  14.8
            +---------+---------+-------+---------+---------+-------
        D:1 |      53 |      15 |  22.1 |      17 |       8 |  32.0
        D:2 |      37 |       0 |   0.0 |      13 |       0 |   0.0
        D:3 |     105 |       0 |   0.0 |      16 |       0 |   0.0
            +---------+---------+-------+---------+---------+-------
